 Dungeon Crawl Stone Soup version 0.21-a0-442-g848f44b (webtiles) character file.

60 tof the Slasher (level 3, -1/29 HPs)
             Began as a Demonspawn Monk on Nov 15, 2017.
             Slain by a gnoll (6 damage)
             ... on level 2 of the Dungeon.
             The game lasted 00:01:50 (1565 turns).

tof the Slasher (Demonspawn Monk)                   Turns: 1565, Time: 00:01:51

Health: -1/29      AC:  3    Str: 11    XL:     3   Next: 82%
Magic:  3/3        EV: 13    Int: 11    God:
Gold:   54         SH:  0    Dex: 16    Spells: 2/2 levels left

rFire    . . .     SeeInvis .   a - +0 falchion
rCold    . . .     Gourm    .   (no shield)
rNeg     . . .     Faith    .   f - +0 leather armour
rPois    .         Spirit   .   (no helmet)
rElec    .         Reflect  .   (no cloak)
rCorr    .         Harm     .   (no gloves)
MR       .....                  (no boots)
Stlth    ++........             (no amulet)
HPRegen  0.09/turn              (no ring)
MPRegen  0.08/turn              (no ring)

@: no status effects
A: demonic guardian 1
a: no special abilities


You were on level 2 of the Dungeon.
You were not hungry.

You visited 1 branch of the dungeon, and saw 2 of its levels.

You collected 54 gold pieces.

Inventory:

Hand Weapons
 a - a +0 falchion (weapon)
Armour
 b - a +0 robe
 f - a +0 leather armour (worn)
Scrolls
 d - 2 scrolls of teleportation {unknown}
 e - 2 scrolls of amnesia {unknown}
 h - 3 scrolls of identify {unknown}
 i - a scroll of remove curse {unknown}
 l - a scroll of recharging {unknown}
 n - a scroll of random uselessness {unknown}
Potions
 j - a potion of agility {unknown}
 k - a potion of might {unknown}
 m - 2 potions of degeneration {unknown}
 o - a potion of experience {unknown}
Comestibles
 c - a bread ration
 p - a meat ration


   Skills:
 + Level 3.3 Fighting
 * Level 3.4 Long Blades
 + Level 1.1 Armour
 + Level 3.1 Dodging
 - Level 1.7 Stealth


You had 2 spell levels left.
You didn't know any spells.

Dungeon Overview and Level Annotations

Branches:
Dungeon (2/15)

Altars:


Innate Abilities, Weirdness & Mutations

A weak demonic guardian rushes to your aid.


Message History

You hit the gnoll.
The gnoll is heavily wounded.
The gnoll hits you. The gnoll completely misses you.
You closely miss the gnoll.
The gnoll is heavily wounded.
The gnoll barely misses you.
You hit the gnoll.
The gnoll is heavily wounded.
The gnoll closely misses you.
You closely miss the gnoll.
The gnoll is heavily wounded.
The gnoll hits you.
* * * LOW HITPOINT WARNING * * *
You closely miss the gnoll.
The gnoll is heavily wounded.
The gnoll misses you.
You hit the gnoll but do no damage.
The gnoll is heavily wounded.
The gnoll hits you.
You die...

.....# #.......# #.#
.#.... #..###..# #.#
.....#
#..###..########.#
...#.#
#................#
#.#####.##..#........#
#...........#.######.#
########....(........#
#...##.########
##..@).# #####..#g.#
#.....>#.รท#
##.#####..# .. #.#
#..# #.# #.#
#..########## . #.#
#.# #...........# ..
#.#
#.#####.#####.#####
..####.####.#<.....#
#.#


You could see a gnoll.

Vanquished Creatures
  A gnoll (D:2)
  An ooze (D:1)
  A leopard gecko (D:2)
  5 bats (D:1)
  A giant cockroach (D:1)
  5 goblins
  4 hobgoblins
  8 jackals (D:1)
  2 ball pythons
  4 frilled lizards (D:1)
  4 kobolds
  A rat (D:1)
37 creatures vanquished.

Vanquished Creatures (collateral kills)
  A gnoll (D:2)
1 creature vanquished.

Grand Total: 38 creatures vanquished

Notes
Turn   | Place    | Note
-------+----------+-------------------------------------------
     0 | D:1      | tof the Demonspawn Monk began the quest for the Orb.
     0 | D:1      | Reached XP level 1. HP: 18/18 MP: 1/1
   177 | D:1      | Gained mutation: A weak demonic guardian rushes to your aid. [demonic ancestry]
   177 | D:1      | Reached XP level 2. HP: 21/24 MP: 2/2
   565 | D:1      | Reached XP level 3. HP: 26/29 MP: 3/3
   876 | D:1      | Reached skill level 1 in Armour
  1155 | D:2      | Found a faded altar of an unknown god.
  1565 | D:2      | Slain by a gnoll

Vault maps used:
D:1:      dpeg_arrival_long_road
D:2:      nicolae_overflow_crystal_walls, chequers_ecumenical_altar_simple_redux

Skill      XL: |  1  2  3 |
---------------+----------+-----
Long Blades    | 3 |  3.4
Dodging        | 3 |  3.1
Armour         | 1 |  1.1
Fighting       | |  3.3
Stealth        | |  1.7

Action                   || total
-------------------------++-------
Melee: Falchion          ||   112
 Stab: Distracted        ||     1
  Eat: Chunk             ||     2
Armor: Leather armour    ||    23
       Robe              ||     4
Dodge: Dodged            ||    79
       Rpst.: Falchion   ||    19

Table legend:
 A = Spawn XP
 B = Non-spawn XP
 C = Spawn XP percentage of total XP
 D = Spawn monster count
 E = Non-spawn monster count
 F = Spawn count percentage of total count
 G = Total turns spent on level
                    A         B        C        D         E        F      G
               +---------+---------+-------+---------+---------+-------+---------
         Total |       0 |      87 |   0.0 |       0 |      38 |   0.0 |  1565
               +---------+---------+-------+---------+---------+-------+---------
           D:1 |       0 |      53 |   0.0 |       0 |      29 |   0.0 |  1073
           D:2 |       0 |      34 |   0.0 |       0 |       9 |   0.0 |   492
               +---------+---------+-------+---------+---------+-------+---------
